 Dungeon Crawl Stone Soup version 0.18-a0-1292-ge8ad84c (webtiles) character file.

63 namelastname112 the Cudgeler (level 3, -20/37 HPs)
             Began as a Draconian Chaos Knight on Feb 9, 2016.
             Killed from afar by Natasha the steam dragon (24 damage)
             ... with a ball of steam
             ... on level 2 of the Dungeon.
             The game lasted 00:02:04 (1048 turns).

namelastname112 the Cudgeler (DrCK)                 Turns: 1048, Time: 00:02:04

Health: -20/37     AC:  5    Str: 14    XL:     3   Next: 89%
Magic:  3/3        EV: 10    Int: 12    God:    Xom [..*...]
Gold:   36         SH:  0    Dex: 11    Spells: 0 memorised, 2 levels left

rFire  x . .     SeeInvis .     (weapon currently unavailable)
rCold  + + +     Gourm    .     (armour unavailable)
rNeg   . . .     Faith    .     (shield currently unavailable)
rPois  +         Spirit   .     (helmet currently unavailable)
rElec  .         Dismiss  .     (cloak currently unavailable)
rCorr  .         Reflect  .     (gloves currently unavailable)
SustAt .         Harm     .     (boots currently unavailable)
MR     .....                    (no amulet)
Stlth  +.........               (no ring)
                                (no ring)

@: ice-form, not resistant to hostile enchantments, very unstealthy
A: unfitting armour, (cold-blooded), AC +5
a: Renounce Religion


You were on level 2 of the Dungeon.
You worshipped Xom.
You were a toy of Xom.
You were hungry.
You were a creature of crystalline ice.
You visited 1 branch of the dungeon, and saw 2 of its levels.

You collected 36 gold pieces.

Inventory:

Hand Weapons
 a - a +0 mace of chaos (melded)
Missiles
 h - 3 tomahawks (quivered)
Armour
 i - a +0 cloak (melded)
Scrolls
 d - 2 scrolls of identify {unknown}
 e - 2 scrolls of teleportation {unknown}
 g - a scroll of noise {unknown}
 k - a scroll of remove curse {unknown}
Potions
 c - 2 potions of curing {unknown}
 f - a potion of heal wounds {unknown}
 j - a potion of ambrosia {unknown}
 l - a potion of lignification {unknown}
Comestibles
 b - 2 bread rations


   Skills:
 + Level 3.6 Fighting
 * Level 4.0 Maces & Flails
 + Level 1.0 Throwing
 + Level 2.6 Dodging


You had 2 spell levels left.
You didn't know any spells.

Dungeon Overview and Level Annotations

Branches:
Dungeon (2/15)

Altars:

Annotations:
D:2 Natasha


Innate Abilities, Weirdness & Mutations

((Your plain brown scales are hard (AC +5).))
Your body does not fit into most forms of armour.
((You are cold-blooded and may be slowed by cold attacks.))


Message History

You swap places.
Your butterfly is engulfed in a cloud of scalding steam.
Your butterfly dies!
Your butterfly is engulfed in a cloud of scalding steam.
Your butterfly dies!
You swap places.
Xom guffaws.
You turn into a creature of crystalline ice.
Your +0 mace of chaos melds into your body.
Your +0 cloak melds into your body.
Xom makes a sudden noise!
You hear a rumbling sound.
You hear a shout!
Natasha misses your butterfly.
Natasha completely misses your butterfly.
There is an open door here.
Natasha breathes steam at you. The ball of steam hits you!
The steam scalds you terribly!
Ouch! That really hurt!
You die...
Xom cackles wildly!

######### .........#
..........###############
..........(.............#####
##........................§†.
................(......#.#####
..(...........####.###.#.#
..(.......b..Y# #.....#.#
.............§# #..####.#
...........#§## #.......#####
...........#§#####..#####.....
...>.......#D##.....# #.....
........w.5#b###....# #.....
###'####.#.#.###....# #§....
#.....w.#†.<...# #§....
#.##.##.#†###.######.<...


There were no monsters in sight!

Vanquished Creatures
  Natasha (D:2)
  4 giant cockroaches (D:1)
  5 goblins (D:1)
  4 hobgoblins (D:1)
  5 jackals
  A quokka (D:2)
  6 bats
  A giant newt (D:2)
  2 kobolds (D:1)
  5 rats
34 creatures vanquished.

Notes
Turn   | Place    | Note
--------------------------------------------------------------
     0 | D:1      | namelastname112 the Draconian Chaos Knight began the quest for the Orb.
     0 | D:1      | Reached XP level 1. HP: 19/19 MP: 1/1
   193 | D:1      | Reached XP level 2. HP: 26/26 MP: 2/2
   447 | D:1      | XOM: smoke on damage
   625 | D:1      | Reached XP level 3. HP: 23/31 MP: 3/3
   732 | D:2      | Noticed Natasha
   746 | D:2      | Killed Natasha
   746 | D:2      | Reached skill level 1 in Throwing
   927 | D:2      | XOM: colour smoke trail
   991 | D:2      | Reached skill level 4 in Maces & Flails
  1023 | D:2      | Noticed Natasha
  1037 | D:2      | Noticed Natasha
  1037 | D:2      | Natasha changed into Natasha the steam dragon
  1042 | D:2      | XOM: butterfly on damage
  1044 | D:2      | XOM: cast spell 'Ice Form'
  1045 | D:2      | XOM: noise
  1048 | D:2      | Killed from afar by Natasha the steam dragon

Vault maps used:
D:1:      lightli_arrival_isolated_outpost
D:2:      first_bread, solitary_fountain, uniq_natasha

Action                   || total
-------------------------++-------
Melee: Mace              ||    81
Throw: Tomahawk          ||     2
